 Dungeon Crawl Stone Soup version 0.30-a0-241-g1121274140 (webtiles) character file.

Game seed: 11442212150398375241

16572 greasedhog the Basher (level 12, -7/77 HPs)
             Began as a Gargoyle Cinder Acolyte on Oct 11, 2022.
             Was a Priest of Ignis.
             Mangled by a ghost moth (shapeshifter) (13 damage)
             ... in a Gauntlet.
             The game lasted 00:24:13 (11883 turns).

greasedhog the Basher (Gargoyle Cinder Acolyte)    Turns: 11883, Time: 00:24:14

Health: -7/77      AC: 44    Str: 21      XL:     12   Next: 38%
Magic:  0/13       EV:  7    Int: 15      God:    Ignis [***...]
Gold:   1699       SH:  0    Dex:  5 (7)  Spells: 13/13 levels left

rFire   + + .      SeeInvis +    A - +2 dire flail (protect)
rCold   + . .      Faith    .    (shield currently unavailable)
rNeg    + . .      Spirit   .    O - +3 plate armour
rPois   ∞          Reflect  +    a - +0 helmet
rElec   +          Harm     .    x - scarf {rC+ rF+}
rCorr   .          Rampage  .    d - +0 pair of gloves
Will    .....      NoTele   +    g - +0 pair of boots
Stlth   ..........               h - amulet of reflection
HPRegen 0.32/turn                Q - +4 ring of slaying
MPRegen 0.13/turn                w - ring "Yzegguinn" {+Blink rElec SInv}

@: confused, mighty, under a protective aura, fiery-armoured, studying
Evocations
A: sickness immunity, AC +8, negative energy resistance 1, electricity
resistance, torment resistance 1, petrification resistance
a: Renounce Religion, Evoke Blink, Fiery Armour, Foxfire Swarm, Rising Flame


You were in a Gauntlet.
You worshipped Ignis.
Ignis was most pleased with you.
You visited 2 branches of the dungeon, and saw 12 of its levels.
You also visited: Gauntlet.

You collected 1903 gold pieces.
You spent 204 gold pieces at shops.

Inventory:

Hand Weapons
 z - a +2 hand axe of flaming
 A - a +2 dire flail of protection (weapon)
Missiles
 I - a curare-tipped dart (quivered)
Armour
 a - a +0 helmet (worn)
 d - a +0 pair of gloves (worn)
 g - a +0 pair of boots (worn)
 x - a scarf of resistance (worn)
 E - a +1 chain mail of cold resistance
 O - a +3 plate armour (worn)
Jewellery
 h - an amulet of reflection (around neck)
 v - a ring of positive energy
 w - the ring "Yzegguinn" (right hand) {+Blink rElec SInv}
   (You found it on level 4 of the Dungeon)

   [ring of see invisible]

   rElec:     It insulates you from electricity.
   SInv:      It lets you see invisible.
   +Blink:    It lets you blink.
 J - an amulet of the acrobat
 N - a ring of magical power
 Q - a +4 ring of slaying (left hand)
 R - a ring of flight
Wands
 p - a wand of mindburst (15)
 r - a wand of flame (18)
 s - a wand of iceblast (4)
 y - a wand of polymorph (8)
Scrolls
 e - a scroll of torment
 i - 3 scrolls of teleportation
 k - a scroll of blinking
 n - 2 scrolls of enchant armour
 o - 4 scrolls of magic mapping
 u - 3 scrolls of immolation {unknown}
 C - 3 scrolls of enchant weapon {unknown}
 D - 2 scrolls of brand weapon {unknown}
 F - a scroll of fog {unknown}
 G - 2 scrolls of vulnerability {unknown}
 H - a scroll of fear {unknown}
 P - 3 scrolls of amnesia
Potions
 f - 3 potions of mutation
 j - 2 potions of lignification {unknown}
 l - 5 potions of curing
 m - 4 potions of haste
 q - 2 potions of resistance {unknown}
 B - a potion of invisibility
 K - a potion of attraction {unknown}
 L - 2 potions of cancellation {unknown}
 M - 2 potions of degeneration {unknown}
Miscellaneous
 S - a phantom mirror


   Skills:
 - Level 10.0 Fighting
 - Level 12.0 Maces & Flails
 * Level 9.6 Armour
 * Level 5.8 Dodging
 - Level 1.0 Spellcasting
 - Level 3.0 Fire Magic
 * Level 10.6 Evocations


You had 13 spell levels left.
You didn't know any spells.
Your spell library contained the following spells:

 Spells                   Type           Power      Damage    Failure   Level
 Scorch                   Fire           18%        2d6       86%         2
 Apportation              Tloc           0%         N/A       98%         1
 Kiss of Death            Conj/Necr      0%         2d5       98%         1
 Necrotise                Necr           0%         1d4       98%         1
 Summon Small Mammal      Summ           0%         N/A       98%         1
 Ensorcelled Hibernation  Hex/Ice        0%         N/A       99%         2
 Confusing Touch          Hex            0%         N/A       100%        3
 Dazzling Flash           Conj/Hex       0%         N/A       100%        3
 Gell's Gravitas          Tloc           0%         N/A       100%        3
 Spider Form              Tmut/Pois      0%         N/A       100%        3
 Teleport Other           Tloc           0%         N/A       100%        3
 Anguish                  Hex/Necr       0%         N/A       100%        4
 Dispel Undead            Necr           0%         3d6       100%        4
 Agony                    Necr           0%         N/A       100%        5
 Silence                  Hex/Air        0%         N/A       100%        5
 Dispersal                Tloc           0%         N/A       100%        6


Dungeon Overview and Level Annotations

Branches:
Dungeon (9/15)             Temple (0/1) D:5            Lair (3/5) D:9
  Swamp (0/4) Lair:2        Snake (0/4) Lair:2      Gauntlet (1/1)
    Orc: D:9-12

Altars:
Gozag
Zin

Shops:
D:5 *

Annotations:
Abyss:1 Terence Gauntlet 7 transporters


Innate Abilities, Weirdness & Mutations

You are immune to sickness and miasma.
Your stone body is resilient. (AC +8)
You are immune to poison.
You resist negative energy. (rN+)
You are resistant to electric shocks. (rElec)
You are resistant to unholy torment.
You are immune to petrification.


Message History

The jumping spider leaps!
The wolf spider hits you but does no damage.
The wolf spider is burned by your cloak of flames.
The wolf spider is severely wounded.
The wolf spider bites you but does no damage.
The wolf spider is burned by your cloak of flames.
The wolf spider is severely wounded.
The ghost moth stares at you.
You feel your power leaking away.
The ghost moth hits you but does no damage.
The ghost moth is burned by your cloak of flames.
The ghost moth is heavily wounded.
The ghost moth barely misses you.
The ghost moth stings you but does no damage.
You miss the ghost moth.
The ghost moth is heavily wounded.
The cyclops hits you.
* * * LOW HITPOINT WARNING * * *
The cyclops is burned by your cloak of flames.
The cyclops is severely wounded.
The wolf spider hits you but does no damage.
The wolf spider is burned by your cloak of flames.
The wolf spider is almost dead.
The wolf spider bites you but does no damage.
The wolf spider is burned by your cloak of flames.
The wolf spider is almost dead.
You bump into the translucent stone wall.
The ghost moth stares at you.
The ghost moth hits you but does no damage.
The ghost moth barely misses you.
The ghost moth stings you but does no damage.
The ghost moth is burned by your cloak of flames.
The ghost moth is heavily wounded.
The wolf spider barely misses you. The wolf spider closely misses you.
The cyclops hits you.
* * * LOW HITPOINT WARNING * * *
The cyclops is burned by your cloak of flames.
The cyclops is severely wounded.
The ghost moth hits you!
You die...

##########################
§#§#≈#§#≈#≈#≈#≈#≈#≈#§#≈#≈#
.....§§§...........§§§§..##
.........................§#
#..#########..#########.§##
#..#.##..###..#s.s^.°=#..§#
#..##..##..#..#C##s##.#..##
####.##.#..#####@y#..##..§#
#©©##.#©.#©#©©#s##s##©#..## .#
####.#.#.#.#####s.#..##..§# ..#
#..#.#..##.#..#.##.##!#..###...
#..##.##..##..#...^..!#..#....#
#..#########..#########..#©...#
.......................∩.#....#
.........................#.....
##########..###########..#©...#


You could see a ghost moth shaped shifter (invisible), 2 wolf spiders, a cyclops
shaped shifter, an orb spider (summoned) and a culicivora (summoned).

Vanquished Creatures
  A catoblepas (Lair:2)
  A two-headed ogre (D:8)
  Pikel (D:4)
  2 cyclopes (D:8)
  4 elephants (Lair:1)
  2 black mambas
  A water nymph (shapeshifter) (Gauntlet)
  5 cane toads
  2 komodo dragons
  3 blink frogs (Lair:2)
  A polar bear (Lair:2)
  2 slime creatures (Gauntlet)
  Sigmund (D:2)
  A wyvern (Lair:2)
  4 shadows (Gauntlet)
  9 yaks
  A wraith (D:9)
  3 basilisks
  5 vampire mosquitoes (Lair:2)
  2 steam dragons (D:8)
  Edmund (D:5)
  14 water moccasins
  5 orc warriors
  An ice beast (shapeshifter) (Gauntlet)
  An ice beast (D:5)
  2 black bears (Lair:1)
  An ogre (D:6)
  A sky beast (D:5)
  4 centaurs
  2 kobold brigands
  9 bullfrogs
  3 scorpions
  An electric eel (Lair:2)
  2 howler monkeys (D:9)
  4 hounds
  6 jellies
  2 gnoll boudas
  3 orc priests
  Ijyb (D:3)
  4 hell rats (Lair:2)
  4 iguanas
  Natasha (D:3)
  8 orc wizards
  8 gnolls
  9 adders
  2 shadow imps (D:8)
  2 white imps
  An ufetubus (D:5)
  A dart slug (D:4)
  44 orcs
  12 endoplasms
  3 giant cockroaches (D:1)
  6 goblins
  6 hobgoblins
  2 jackals (D:1)
  7 ball pythons
  4 bats
  A frilled lizard (D:2)
  18 kobolds
  4 rats
261 creatures vanquished.

Vanquished Creatures (others)
  Natasha (D:3)
  A rat (D:3)
  16 fungi
  21 plants
39 creatures vanquished.

Grand Total: 300 creatures vanquished

Notes
Turn   | Place    | Note
-------+----------+-------------------------------------------
     0 | D:1      | greasedhog the Gargoyle Cinder Acolyte began the quest for
                  | the Orb.
     0 | D:1      | Reached XP level 1. HP: 14/14 MP: 2/2
    53 | D:1      | Reached XP level 2. HP: 14/19 MP: 3/3
   141 | D:1      | Found a faded altar of an unknown god.
   498 | D:1      | Reached XP level 3. HP: 23/24 MP: 4/4
   647 | D:2      | Noticed Terence
   658 | D:2      | Banished Terence
   753 | D:2      | Reached skill level 4 in Maces & Flails
   753 | D:2      | Reached XP level 4. HP: 30/30 MP: 5/5
  1184 | D:2      | Noticed Sigmund
  1207 | D:2      | Killed Sigmund
  1208 | D:2      | Reached skill level 5 in Fighting
  1208 | D:2      | Reached skill level 5 in Maces & Flails
  1208 | D:2      | Reached XP level 5. HP: 13/36 MP: 6/6
  1208 | D:2      | Reached XP level 6. HP: 15/41 MP: 7/7
  2018 | D:3      | Noticed Ijyb
  2019 | D:3      | Noticed Natasha
  2024 | D:3      | Killed Natasha
  2031 | D:3      | Killed Ijyb
  2036 | D:3      | Noticed Natasha
  2050 | D:3      | Killed Natasha
  2766 | D:4      | Reached skill level 1 in Armour
  2769 | D:4      | Identified 2 scrolls of acquirement
  2783 | D:4      | Acquired 1044 gold pieces
  2785 | D:4      | Acquired a manual of Evocations
  2930 | D:4      | Reached XP level 7. HP: 46/46 MP: 8/8
  2962 | D:4      | Reached skill level 1 in Evocations
  3151 | D:4      | Noticed Pikel
  3166 | D:4      | Killed Pikel
  3167 | D:4      | Reached skill level 6 in Maces & Flails
  3167 | D:4      | Reached XP level 8. HP: 17/51 MP: 9/9
  3352 | D:4      | You fall into a shaft and drop 3 floors!
  3421 | D:6      | Found an opulent altar of Gozag.
  3432 | D:5      | Entered Level 5 of the Dungeon
  3432 | D:5      | Found Hajaonu's Assorted Antiques.
  3435 | D:5      | Bought a glowing ruby potion for 21 gold pieces
  3435 | D:5      | Bought a metallic silvery potion for 21 gold pieces
  3435 | D:5      | Bought a scroll of teleportation for 72 gold pieces
  4059 | D:4      | Identified the ring "Yzegguinn" {+Blink rElec SInv}
  4128 | D:5      | Reached skill level 7 in Maces & Flails
  4128 | D:5      | Reached skill level 5 in Evocations
  4385 | D:5      | Reached skill level 5 in Armour
  4385 | D:5      | Reached skill level 1 in Dodging
  4463 | D:5      | Found Zin's Purification Station.
  4463 | D:5      | Found a glowing silver altar of Zin.
  4471 | D:5      | Bought a potion of curing for 90 gold pieces
  4530 | D:5      | Found a staircase to the Ecumenical Temple.
  4810 | D:5      | Noticed Edmund
  4825 | D:5      | Killed Edmund
  4826 | D:5      | Reached XP level 9. HP: 50/55 MP: 10/10
  5117 | D:6      | Reached skill level 8 in Maces & Flails
  7589 | D:8      | Reached skill level 9 in Maces & Flails
  7589 | D:8      | Reached XP level 10. HP: 43/60 MP: 11/11
  7711 | D:8      | Noticed a cyclops
  7714 | D:8      | Killed a cyclops
  7866 | D:8      | Noticed a two-headed ogre
  7944 | D:8      | Killed a two-headed ogre
  7945 | D:8      | Reached skill level 5 in Dodging
  8231 | D:8      | Noticed a cyclops
  8234 | D:8      | Killed a cyclops
  8531 | D:9      | Found a staircase to the Lair.
  8569 | D:9      | Reached skill level 10 in Maces & Flails
  8569 | D:9      | Reached skill level 10 in Evocations
  9054 | Lair:1   | Entered Level 1 of the Lair of Beasts
  9106 | Lair:1   | Noticed an elephant
  9137 | Lair:1   | Reached XP level 11. HP: 51/67 MP: 12/12
  9374 | Lair:1   | Reached skill level 11 in Maces & Flails
 10201 | Lair:2   | Noticed a catoblepas
 10211 | Lair:2   | Killed a catoblepas
 10313 | Lair:2   | Found a staircase to the Snake Pit.
 10702 | Lair:2   | Found a staircase to the Swamp.
 10746 | Lair:2   | Reached XP level 12. HP: 58/76 MP: 13/13
 11301 | Lair:3   | Reached skill level 10 in Fighting
 11301 | Lair:3   | Reached skill level 12 in Maces & Flails
 11553 | Lair:3   | Found a gate leading to a gauntlet.
 11562 | Gauntlet | Entered a Gauntlet
 11562 | Gauntlet | Found a transporter.
 11562 | Gauntlet | Found a transporter.
 11562 | Gauntlet | Found a transporter.
 11576 | Gauntlet | Found a transporter.
 11576 | Gauntlet | Found a transporter.
 11585 | Gauntlet | Found a transporter.
 11587 | Gauntlet | Found a transporter.
 11595 | Gauntlet | Found a transporter.
 11610 | Gauntlet | Found a transporter.
 11618 | Gauntlet | Noticed a reaper
 11632 | Gauntlet | Found a transporter.
 11633 | Gauntlet | Found a transporter.
 11643 | Gauntlet | Found a transporter.
 11712 | Gauntlet | a cyclops changed into a shock serpent
 11712 | Gauntlet | Noticed a shock serpent (glowing shapeshifter)
 11713 | Gauntlet | a shock serpent changed into a deep troll
 11717 | Gauntlet | Noticed a shock serpent
 11717 | Gauntlet | a shock serpent changed into a torpor snail
 11849 | Gauntlet | a slime creature changed into a broodmother
 11849 | Gauntlet | Noticed a broodmother (shapeshifter)
 11877 | Gauntlet | a broodmother changed into a ghost moth
 11877 | Gauntlet | Noticed a ghost moth (shapeshifter)
 11883 | Gauntlet | Mangled by a ghost moth (shapeshifter)

Illustrated notes

Levels and vault maps discovered:
D:1:      minmay_arrival_plants_in_alcoves, layout_rooms,
          chequers_ecumenical_altar_grove, minmay_misc_feat_alley, st_stairs_2
D:2:      layout_loops_corners, minmay_tiny_reverse_x, uniq_terence,
          uniq_sigmund
D:3:      minmay_skewed_foursquare, layout_loops_ring, uniq_ijyb, uniq_natasha
D:4:      layout_basic, uniq_pikel
D:5:      layout_loops_corners, zin_purify, minmay_temple_entry_enclosed_plants,
          serial_shops, nicolae_take_the_stairs, uniq_edmund
D:6:      layout_cave_pools, nicolae_gozag_cash_rules_everything_around_me,
          hangedman_decor_points
D:7:      layout_basic
D:8:      minmay_opposing_rooms, layout_basic
D:9:      layout_loops_ring, dpeg_oklobed_lair
Lair:1:   layout_small_grid, beast_lair_carwin_2, infiniplex_staircase_pool_2
Lair:2:   layout_loops_ring, minmay_swamp_entry_swarm,
          minmay_snake_entry_six_corridors
Lair:3:   layout_hall_layers, gauntlet_entry_generic
Gauntlet: minmay_gauntlet_mixed_big_or_small
          [nicolae_gauntlet_arena_flowing_pool, minmay_gauntlet_arena_77_box,
          gammafunk_gauntlet_arena_split_diamond, minmay_gauntlet_arena_77_mess,
          gammafunk_gauntlet_arena_spirals, minmay_gauntlet_arena_77_braids,
          gauntlet_exit_hidden_loot]

Skill      XL: |  1  2  3  4  5  6  7  8  9 10 11 12 |
---------------+-------------------------------------+-----
Fighting       | 4 5 6 7 9 10 | 10.0
Maces & Flails | 4 5 6 7 9 10 11 12 | 12.0
Armour         | 1 3 5 6 8 9 |  9.6
Evocations     | 4 5 8 10 | 10.6
Dodging        | 2 4 5 |  5.8
Spellcasting   | |  1.0
Fire Magic     | |  3.0

Action                   |  1- 3 |  4- 6 |  7- 9 | 10-12 || total
-------------------------+-------+-------+-------+-------++-------
Melee: Mace              |    41 |       |       |       ||    41
       Short sword       |    43 |   161 |   279 |       ||   483
       Punch             |       |     2 |     5 |       ||     7
       Dire flail        |       |       |   142 |   508 ||   650
Invok: Fiery Armour      |       |       |     1 |     5 ||     6
 Abil: Evoke Blink       |       |       |     1 |       ||     1
Evoke: Wand              |       |       |     2 |     5 ||     7
  Use: Scroll            |     3 |     5 |     2 |     3 ||    13
       Potion            |       |     1 |     1 |     6 ||     8
Armor: Ring mail         |    45 |    63 |     9 |       ||   117
       Chain mail        |       |       |   281 |   268 ||   549
       Plate armour      |       |       |       |   114 ||   114
Dodge: Dodged            |    47 |    58 |   135 |   179 ||   419
Block: Other             |     5 |    30 |   105 |    97 ||   237
       Reflection        |       |       |     7 |       ||     7

Table legend: (Time is in decaauts)
 A = Elapsed time spent in this place.
 B = Non-inter-level travel time spent in this place.
 C = Inter-level travel time spent in this place.
 D = Time resting spent in this place.
 E = Time spent auto-exploring this place.
 F = Levels seen in this place.
 G = Mean time per level.
                   A        B        C        D        E       F      G
               +--------+--------+--------+--------+--------+-----+--------+
         Total |  11745 |  11014 |    731 |   1088 |   7351 |  13 |  903.5 |
       Dungeon |   9004 |   8300 |    704 |   1033 |   5509 |   9 | 1000.4 |
          Lair |   2436 |   2409 |     27 |     43 |   1718 |   3 |  812.0 |
      Gauntlet |    304 |    304 |      0 |     12 |    124 |   1 |  304.0 |
               +--------+--------+--------+--------+--------+-----+--------+

Top non-repeatable levels by time:
     D:5: 1735 daAuts
     D:4: 1151 daAuts
  Lair:1: 1093 daAuts
     D:3: 1092 daAuts
     D:2: 1016 daAuts
  Lair:2: 1010 daAuts
     D:8: 932 daAuts
     D:6: 908 daAuts
     D:7: 798 daAuts
     D:9: 745 daAuts
     D:1: 624 daAuts
  Lair:3: 332 daAuts
Gauntlet: 304 daAuts
